AoeStats
← Pwncakes

Nomad

508256258Analyzed
4v4 RM · 11d ago on Sep 21, 2026· 59m 36s· 8 players
Game mode
Random Map
Map size
231×231
Population
200
Speed
Normal
Resources
Standard
Victory
Conquest
Starting age
Dark Age
Ending age
Imperial Age
RankedLock teamsTeams togetherTeam positionsShared explorationLock speedFull tech treeHidden civsTurbo modeCheats
Victory
Defeat
🇦🇷 Celts · Argentina
1341
+14
🇺🇸 Dravidians · United States
1337
+14
🇺🇾 Spanish · Uruguay
1283
+17
🇺🇸 Mongols · United States
1224
+19
🇩🇪 Teutons · Germany
1321
-17
🇩🇪 Persians · Germany
1304
-16
🇳🇴 Celts · Norway
1295
-16
🇹🇷 Italians · Türkiye
1281
-15
NOxArbor
4:43 Loom
13:17 Feudal Age
14:46 Wheelbarrow
13:59 Double-Bit Axe
14:22 Fishing Lines
21:39 Castle Age
19:32 Stone Mining
19:42 Gold Mining
22:47 Gillnets
22:53 Fletching
23:03 Padded Archer Armor
22:45 Elite Skirmisher
24:56 Hand Cart
24:47 Bodkin Arrow
27:10 Leather Archer Armor
34:20 Imperial Age
32:07 Scale Mail Armor
32:17 Forging
32:10 Squires
34:37 Chain Mail Armor
34:57 Iron Casting
37:18 Plate Mail Armor
37:49 Blast Furnace
46:12 Blast Furnace
45:13 Bracer
45:44 Ring Archer Armor
47:45 Conscription
49:42 Chemistry
49:02 Ballistics
KRYPTAERNN
4:27 Loom
13:47 Feudal Age
18:21 Castle Age
17:16 Scale Mail Armor
17:07 Man-at-Arms
18:28 Double-Bit Axe
18:38 Long Swordsman
21:16 Gambesons
22:08 Forging
22:32 Arson
22:43 Horse Collar
24:22 Elite Skirmisher
26:19 Ballistics
26:42 Fletching
38:24 Imperial Age
36:32 Wheelbarrow
36:18 Bow Saw
37:58 Hand Cart
37:36 Gold Mining
40:45 Heavy Scorpion
42:05 Capped Ram
43:45 Siege Ram
46:35 Pikeman
borgg39
6:15 Loom
13:23 Feudal Age
13:48 Double-Bit Axe
22:21 Castle Age
20:37 Fletching
23:25 Wheelbarrow
_MCA_max1336
5:09 Loom
13:09 Feudal Age
19:29 Castle Age
17:26 Gold Mining
18:51 Scale Barding Armor
18:57 Forging
19:45 Bloodlines
19:47 Stone Mining
23:04 Horse Collar
26:28 Fletching
26:36 Gold Mining
27:56 Double-Bit Axe
29:13 Heavy Plow
29:44 Chain Barding Armor
38:37 Bow Saw
39:49 Fishing Lines
41:31 Wheelbarrow
44:12 Gillnets
50:23 Imperial Age
48:53 Iron Casting
49:37 Bodkin Arrow
50:00 Hand Cart
50:26 Cavalier
52:28 Plate Barding Armor
52:54 Blast Furnace
52:22 Padded Archer Armor
54:49 Elite Skirmisher
56:18 Conscription
58:27 Stone Shaft Mining
60:39 Chemistry
60:00 Ballistics
Non faux pa
5:00 Loom
11:37 Feudal Age
15:35 Fletching
17:48 Castle Age
18:26 Bodkin Arrow
19:31 Bloodlines
22:46 Padded Archer Armor
24:34 Leather Archer Armor
30:15 Double-Bit Axe
37:33 Ballistics
40:59 Imperial Age
49:34 Bracer
52:04 Thumb Ring
52:24 Parthian Tactics
54:02 Chemistry
Pwncakes
10:12 Loom
12:46 Feudal Age
13:18 Double-Bit Axe
13:26 Gold Mining
14:49 Forging
15:10 Fletching
15:26 Fishing Lines
20:53 Castle Age
20:57 Stone Mining
22:17 Bow Saw
22:20 Medium Warships
22:04 Gillnets
22:15 Bodkin Arrow
22:56 Iron Casting
[BadStart] The Shadow
4:47 Loom
13:28 Feudal Age
17:45 Castle Age
17:25 Double-Bit Axe
18:07 Town Watch
20:59 Scale Mail Armor
26:14 Chain Mail Armor
33:43 Arson
36:01 Forging
37:23 Sanctity
37:14 Fervor
40:43 Wheelbarrow
41:05 Gold Mining
41:30 Bow Saw
41:05 Horse Collar
44:22 Imperial Age
43:42 Iron Casting
44:28 Capped Ram
45:53 Conscription
46:31 Plate Mail Armor
52:51 Chemistry
52:11 Hand Cart
53:30 Blast Furnace
52:54 Treadmill Crane
53:24 Masonry
53:17 Stronghold
53:19 Fletching
53:28 Guard Tower
53:31 Siege Ram
57:11 Ballistics
La_Sophie
7:12 Loom
13:50 Feudal Age
14:35 Town Watch
17:47 Castle Age
18:31 Double-Bit Axe
18:29 Horse Collar
18:43 Gold Mining
19:52 Wheelbarrow
26:40 Padded Archer Armor
29:06 Leather Archer Armor
31:26 Bloodlines
37:31 Husbandry
40:42 Bow Saw
41:15 Hand Cart
41:05 Stone Mining
42:21 Heavy Plow
45:10 Imperial Age
42:15 Light Cavalry
44:22 Forging
44:18 Scale Barding Armor
46:14 Iron Casting
49:21 Chain Barding Armor
52:54 Imperial Age
53:45 Medium Warships
53:28 Fletching
54:09 Ring Archer Armor
53:28 Hussar
55:39 Two-Man Saw
54:58 Bodkin Arrow
56:06 Chemistry
55:29 Ballistics
56:38 Bracer
56:53 Cavalier
58:11 Plate Barding Armor
58:37 Blast Furnace
58:50 Conscription
58:20 Paladin
Connection lost

Rejoining the realm…

Still unreachable

The connection could not be restored.

Session expired

The server has moved on; the page needs a fresh start.